cohdb
Replays
Latest Replays
All Replays
Popular Replays
Top Player Replays
Match Explorer
How It Works
Community
CoH3 Stats
Reddit
Sign in to upload your games and track your stats! →
Sign in with Steam
Match 46504350
Unlisted
Match 46504350
Overview
Messages
Build Orders
End
Pioneer Squad
Construct Infanterie Kompanie
MG 42 Machine Gun Team
Grenadier Squad
Grenadier Squad
Grenadier Squad
Construct Luftwaffe Kompanie
Selects Breakthrough Battlegroup
Selects Rapid Production
221 Scout Car
Medical Bunker
Support Elements
Wirbelwind Flakpanzer
Jäger Squad
Selects Blitzkrieg
Wirbelwind Flakpanzer
Jäger Squad
Marder III M Tank Destroyer
Wirbelwind Flakpanzer
Selects Tiger Heavy Tank
Tiger Heavy Tank
Jäger Squad
Selects Assault Grenadiers
Selects Breakthrough
Makros
Tonimontana
0
0
Comments
sign in to comment!
No comments posted yet!